 Dungeon Crawl Stone Soup version 0.25-a0-1130-g3926558f3a (webtiles) character file.

Game seed: 1091537039671257853, levelgen mode: deterministic

174 kae the Skirmisher (level 5, 0/42 HPs)
             Began as a Formicid Abyssal Knight on May 19, 2020.
             Was a Believer of Lugonu.
             Slain by an orc wizard
             ... wielding a +0 dagger
              (4 damage)
             ... on level 3 of the Dungeon.
             The game lasted 00:02:43 (4387 turns).

kae the Skirmisher (Formicid Abyssal Knight)        Turns: 4387, Time: 00:02:43

Health: 0/42       AC:  3    Str: 17    XL:     5   Next: 84%
Magic:  7/7        EV: 12    Int: 12    God:    Lugonu [**....]
Gold:   87         SH:  0    Dex: 10    Spells: 4/4 levels left

rFire    + . .     SeeInvis +   a - +1 falchion
rCold    + . .     Gourm    .   (no shield)
rNeg     . . .     Faith    .   b - +0 leather armour
rPois    +         Spirit   .   (helmet unavailable)
rElec    +         Reflect  .   (no cloak)
rCorr    +         Harm     .   (no gloves)
MR       .....                  (no boots)
Stlth    +.........             (no amulet)
HPRegen  0.14/turn              (no ring)
MPRegen  0.10/turn              (no ring)

@: resistant
A: permanent stasis, dig shafts and tunnels, four strong arms, antennae 3
a: Dig, Shaft Self, Depart the Abyss, Bend Space, Renounce Religion


You were on level 3 of the Dungeon.
You worshipped Lugonu.
Lugonu was pleased with you.
You were not hungry.

You visited 1 branch of the dungeon, and saw 4 of its levels.
You visited the Abyss 1 time.

You collected 87 gold pieces.

Inventory:

Hand Weapons
 a - a +1 falchion (weapon)
Armour
 b - a +0 leather armour (worn)
Scrolls
 e - a scroll of amnesia
Potions
 h - a potion of lignification {unknown}
 i - a potion of berserk rage {unknown}
 j - a potion of degeneration {unknown}
 k - a potion of curing {unknown}
 n - a potion of flight {unknown}
Comestibles
 c - 3 rations


   Skills:
 + Level 4.1 Fighting
 + Level 3.0 Long Blades
 + Level 3.2 Armour
 + Level 2.1 Dodging
 + Level 3.5 Invocations


You had 4 spell levels left.
You didn't know any spells.
Your spell library was empty.

Dungeon Overview and Level Annotations

Branches:
Dungeon (4/15)
 Temple: D:4-7

Altars:
Okawaru
Qazlal
Trog


Innate Abilities, Weirdness & Mutations

You cannot be hasted, slowed, berserked, paralysed or teleported.
You can dig through walls and to a lower floor.
Your four strong arms can wield two-handed weapons with a shield.
You have a pair of large antennae on your head. (SInv)


Message History

The orc wizard gestures at you while chanting.
Your stasis prevents you from being slowed.
The orc wizard gestures at you while chanting.
The magic dart hits you!
You hit the orc wizard.
The orc wizard is moderately wounded.
The orc wizard gestures at you while chanting.
The magic dart hits you.
* * * LOW HITPOINT WARNING * * *
The orc wizard hits you with a +0 dagger.
* * * LOW HITPOINT WARNING * * *
You closely miss the orc wizard.
The orc wizard is moderately wounded.
The orc wizard hits you with a +0 dagger.
* * * LOW HITPOINT WARNING * * *
The orc wizard barely misses you.
It was a potion of resistance.
You feel protected.
The orc wizard hits you with a +0 dagger.
You die...

#)...................#.......#...
#####..................####.###..
###.......>.....#...#.......##...
................................)
....##..........##.#####.....##..
..####.............####..###....)
..###..........................(.
......###.###..#o#.####.##...##.(
.....##≈#'#≈##.#@#......##.###...
.###.##_..._##.........###.# #..#
.# ###########.........# #.###...
.###...................###.##...#
.......#######.........#..)......
####.#......##...........<..#..<.
#.######?##...........####....
#.# #............#.###....' ##.#
####..................#


You could see an orc wizard (fast).

Vanquished Creatures
  An orc wizard (D:3)
  4 adders
  An ooze (D:2)
  3 worms (D:2)
  2 dart slugs
  4 leopard geckos
  4 orcs
  5 giant cockroaches
  5 goblins
  7 hobgoblins
  5 jackals
  12 kobolds
  A quokka (D:3)
  2 ball pythons
  6 bats
  12 frilled lizards
  11 rats
85 creatures vanquished.

Notes
Turn   | Place    | Note
-------+----------+-------------------------------------------
     0 | Abyss:1  | kae the Formicid Abyssal Knight began the quest for the
                  | Orb.
     0 | Abyss:1  | Reached XP level 1. HP: 18/18 MP: 2/2
    29 | Abyss:1  | Noticed a raiju
    30 | D:1      | Escaped the Abyss
    73 | D:1      | Reached * piety under Lugonu
    73 | D:1      | Reached skill level 1 in Dodging
   160 | D:1      | Reached XP level 2. HP: 10/24 MP: 3/3
  1017 | D:1      | Reached XP level 3. HP: 27/29 MP: 4/4
  1344 | D:1      | Reached ** piety under Lugonu
  1732 | D:2      | Reached XP level 4. HP: 15/37 MP: 6/6
  2145 | D:2      | Found an iron altar of Okawaru.
  2942 | D:2      | Reached XP level 5. HP: 29/42 MP: 7/7
  3308 | D:2      | Reached skill level 4 in Fighting
  3993 | D:3      | Reached *** piety under Lugonu
  4101 | D:3      | Found a bloodstained altar of Trog.
  4101 | D:3      | Found a stormy altar of Qazlal.
  4387 | D:3      | Slain by an orc wizard

Illustrated notes

Levels and vault maps discovered:
D:1:      elethiomel_arrival_infinity_welcomes_careful_drivers,
          layout_loops_ring
D:2:      layout_basic, okawaru_gym_becter
D:3:      layout_rooms, gammafunk_temple_overflow_elements,
          chequers_serial_rivers_room_a
D:4:      layout_cave_pools, temple_hall, first_ration

Skill      XL: |  1  2  3  4  5 |
---------------+----------------+-----
Dodging        | 1 2 |  2.1
Invocations    | 3 |  3.5
Armour         | 3 |  3.2
Fighting       | 4 |  4.1
Long Blades    | 3 |  3.0

Action                   |  1- 3 |  4- 6 || total
-------------------------+-------+-------++-------
Melee: Falchion          |   118 |   145 ||   263
Invok: Depart the Abyss  |     1 |       ||     1
  Use: Scroll            |     4 |     1 ||     5
       Potion            |       |     1 ||     1
  Eat: Chunk             |     3 |     8 ||    11
Armor: Leather armour    |    36 |    29 ||    65
Dodge: Dodged            |    75 |    99 ||   174
       Rpst.: Falchion   |    30 |    27 ||    57

Table legend:
 A = Non-vault XP
 B = Vault XP
 C = Vault XP percentage of total XP
 D = Non-vault monster count
 E = Vault monster count
 F = Vault count percentage of total count
                 A         B        C        D         E       F
            +---------+---------+-------+---------+---------+-------
      Total |     249 |       0 |   0.0 |      85 |       0 |   0.0
            +---------+---------+-------+---------+---------+-------
        D:1 |      50 |       0 |   0.0 |      34 |       0 |   0.0
        D:2 |     115 |       0 |   0.0 |      34 |       0 |   0.0
        D:3 |      84 |       0 |   0.0 |      17 |       0 |   0.0
            +---------+---------+-------+---------+---------+-------
